 Dungeon Crawl Stone Soup version 0.23.2-30-g0e89c35649 (webtiles) character file.

Game seed: 8854836844124630741

4120 kentos9 the Covert (level 10, -1/49 HPs)
             Began as a Spriggan Enchanter on June 13, 2019.
             Was a Believer of Dithmenos.
             Slain by a wolf spider simulacrum (10 damage)
             ... on level 10 of the Dungeon.
             The game lasted 01:08:23 (14374 turns).

kentos9 the Covert (Spriggan Enchanter)            Turns: 14374, Time: 01:08:29

Health: -1/49      AC:  3    Str:  4    XL:     10   Next: 6%
Magic:  18/20      EV: 23    Int: 21    God:    Dithmenos [**....]
Gold:   653        SH:  0    Dex: 16    Spells: 9/21 levels left

rFire    . . .     SeeInvis +   b - +0 hunting sling
rCold    + . .     Gourm    .   (shield restricted)
rNeg     . . .     Faith    .   q - +1 robe
rPois    .         Spirit   .   (helmet restricted)
rElec    .         Reflect  .   (no cloak)
rCorr    .         Harm     .   (gloves unavailable)
MR       ++...                  (boots unavailable)
Stlth    ++++++....             (no amulet)
HPRegen  0.16/turn              o - ring of protection from cold
MPRegen  0.17/turn              y - ring of protection from magic

@: wreathed by umbra, very quick
A: very small, unfitting armour, see invisible, herbivore, speed 3, slow
metabolism 2
a: Shadow Step, Renounce Religion


You were on level 10 of the Dungeon.
You worshipped Dithmenos.
Dithmenos was pleased with you.
You were hungry.

You visited 2 branches of the dungeon, and saw 11 of its levels.
You also visited: Ossuary.

You collected 675 gold pieces.
You spent 22 gold pieces at shops.

Inventory:

Hand Weapons
 a - a +1 dagger
 b - a +0 hunting sling (weapon)
 w - a +0 short sword of holy wrath
 J - a +1 vampiric dagger
 L - a +0 dagger of venom
Missiles
 d - 347 stones (quivered)
 f - 2 throwing nets
 g - 59 sling bullets
 k - 47 poisoned needles
 O - 5 curare-tipped needles
Armour
 q - a +1 robe (worn)
Jewellery
 m - an uncursed ring of ice
 o - a ring of protection from cold (left hand)
 y - a ring of protection from magic (right hand)
 C - an uncursed amulet of the acrobat {unknown}
 H - an uncursed amulet of magic regeneration {unknown}
 N - an uncursed ring of protection from fire
Wands
 E - a wand of acid (4)
 F - a wand of digging (6)
 I - a wand of scattershot (3)
Scrolls
 c - a scroll of fog
 i - 2 scrolls of immolation
 j - 3 scrolls of enchant armour
 r - 4 scrolls of remove curse
 v - 6 scrolls of teleportation
 z - 3 scrolls of fear
 D - a scroll of vulnerability {unknown}
 M - a scroll of torment {unknown}
 P - a scroll of amnesia {unknown}
 Q - a scroll of blinking {unknown}
Potions
 h - 7 potions of heal wounds
 l - 8 potions of curing
 n - 4 potions of haste
 p - 2 potions of flight
 s - 2 potions of mutation
 t - 4 potions of agility
 u - a potion of lignification
 x - 2 potions of ambrosia
 A - 2 potions of cancellation
 B - a potion of brilliance
 G - a potion of degeneration {unknown}
 K - 2 potions of berserk rage
Comestibles
 e - 8 rations


   Skills:
 - Level 4.0 Fighting
 - Level 8.0 Short Blades
 - Level 8.0 Dodging
 + Level 11.2 Stealth
 - Level 6.0 Spellcasting
 - Level 8.3 Hexes
 - Level 0.7 Ice Magic


You had 9 spell levels left.
You knew the following spells:

 Your Spells              Type           Power        Failure   Level  Hunger
a - Dazzling Spray        Conj/Hex       ###...       5%          3    ##.....
b - Ensorcelled Hibernat  Hex/Ice        ####..       2%          2    None
c - Confuse               Hex            #####...     1%          3    ##.....
d - Tukima's Dance        Hex            #####...     1%          3    ##.....
e - Corona                Hex            #####..      1%          1    None

Your spell library contained the following spells:

 Spells                   Type           Power        Failure   Level  Hunger
 Shock                    Conj/Air       #...         10%         1    None
 Swiftness                Chrm/Air       #.......     14%         2    None
 Static Discharge         Conj/Air       #.......     28%         3    ##.....
 Airstrike                Air            #.........   67%         4    ####...
 Lightning Bolt           Conj/Air       #.........   95%         5    #####..


Dungeon Overview and Level Annotations

Branches:
Dungeon (10/15)            Temple (1/1) D:5             Orc (0/2) D:9
   Lair: D:8-11

Altars:
Ashenzari
Cheibriados
Dithmenos
Elyvilon
Fedhas
Gozag
Hepliaklqana
Kikubaaqudgha
Makhleb
Nemelex Xobeh
Okawaru
Qazlal
Ru
Sif Muna
Trog
Uskayaw
Vehumet
Wu Jian
Xom
Yredelemnul
Zin
The Shining One

Shops:
D:5 =   D:7 *((*   D:8 }

Annotations:
D:7 1 runed translucent door, exclusion: door, Supaplex's ghost, novice GnNe
D:9 Erolcha


Innate Abilities, Weirdness & Mutations

You are very small and have problems with some larger weapons.
You are too small for most types of armour.
You have supernaturally acute eyesight. (SInv)
You are a herbivore.
You cover ground extremely quickly.
You need to consume almost no food.


Message History

Aim: a wolf spider simulacrum (lightly damaged, confused, umbra)
You shoot a stone.
The stone hits the wolf spider simulacrum.
The wolf spider simulacrum is lightly damaged.
Firing (i - inventory. (/) - cycle)
d - 349 stones (quivered)
Press: ? - help, Shift-Dir - straight line, f/p - wolf spider simulacrum
Aim: a wolf spider simulacrum (lightly damaged, confused)
You shoot a stone.
The stone hits the wolf spider simulacrum.
The wolf spider simulacrum is lightly damaged.
Firing (i - inventory. (/) - cycle)
d - 348 stones (quivered)
Press: ? - help, Shift-Dir - straight line, f/p - wolf spider simulacrum
Aim: a wolf spider simulacrum (lightly damaged, confused, umbra)
You shoot a stone.
The stone hits the wolf spider simulacrum.
The wolf spider simulacrum is moderately damaged.
The wolf spider simulacrum hits you!
* * * LOW HITPOINT WARNING * * *
The wolf spider simulacrum freezes you! You resist.
You die...

# #.........# ##..##
#..........# ##..##
#..........# ##..##
#...###.....# ##..##
###...# #..[...##
##..## #....#
##.......####..##
....# #......<..##..##
...#####...###....((##
....##....## ##.@Z.##
.........## ##....#
##......## ##.....#
###.....####..###.##
#.####....### ##.#
#.## ###### ### ##


You could see a wolf spider simulacrum (confused).

Vanquished Creatures
  Grinder (D:6)
  A hippogriff (D:7)
  A wyvern (D:9)
  Edmund (D:4)
  2 water moccasins
  3 orc warriors (D:9)
  A sky beast (D:5)
  A phantom (D:6)
  2 ice beasts
  3 ogres
  6 centaurs
  2 big kobolds (D:9)
  A bullfrog (D:6)
  A wyvern zombie (D:9)
  2 scorpions
  8 howler monkeys
  4 centaur zombies
  A crimson imp (D:5)
  An orc priest (D:9)
  4 hounds
  2 jellies
  A bullfrog skeleton (D:7)
  2 human zombies (Ossuary)
  Jessica (D:2)
  5 orc wizards
  3 iguanas
  4 worker ants
  A big kobold zombie (Ossuary)
  3 mummies (Ossuary)
  A hound zombie (Ossuary)
  2 hound skeletons
  Robin (D:3)
  3 gnolls (D:5)
  8 adders
  2 shadow imps
  An adder skeleton (D:9)
  5 adder zombies
  3 worms
  5 dart slugs
  6 leopard geckos
  44 orcs
  7 bats
  7 giant cockroaches
  10 goblins
  7 hobgoblins
  16 jackals
  A quokka (D:3)
  5 frilled lizards
  A giant cockroach zombie (D:6)
  2 goblin zombies (Ossuary)
  6 hobgoblin zombies (Ossuary)
  3 jackal zombies (Ossuary)
  26 kobolds
  3 kobold zombies (Ossuary)
  A leopard gecko skeleton (D:8)
  2 orc zombies (Ossuary)
  2 quokka skeletons
  5 quokka zombies (Ossuary)
  5 rats (D:1)
  A rat zombie (Ossuary)
259 creatures vanquished.

Vanquished Creatures (collateral kills)
  An orc (D:9)
1 creature vanquished.

Vanquished Creatures (others)
  A wizard (D:3)
  A dancing weapon (D:9)
2 creatures vanquished.

Grand Total: 262 creatures vanquished

Notes
Turn   | Place    | Note
-------+----------+-------------------------------------------
     0 | D:1      | kentos9 the Spriggan Enchanter began the quest for the Orb.
     0 | D:1      | Reached XP level 1. HP: 9/9 MP: 5/5
   204 | D:1      | Reached skill level 5 in Stealth
   252 | D:1      | Reached XP level 2. HP: 10/13 MP: 6/6
   259 | D:1      | Learned a level 2 spell: Ensorcelled Hibernation
   848 | D:1      | Reached skill level 6 in Stealth
   883 | D:1      | Reached XP level 3. HP: 16/16 MP: 5/8
   888 | D:1      | Learned a level 3 spell: Confuse
  2160 | D:2      | Reached XP level 4. HP: 14/21 MP: 9/9
  2423 | D:2      | Noticed Jessica
  2462 | D:2      | Killed Jessica
  2623 | D:2      | Reached skill level 7 in Stealth
  2939 | D:3      | Found a hide-covered altar of Uskayaw.
  2941 | D:3      | Noticed a +0 hand axe
  2941 | D:3      | Noticed a +0 hand axe
  3578 | D:3      | Reached XP level 5. HP: 24/24 MP: 5/10
  3644 | D:3      | Found a bloodstained altar of Trog.
  3645 | D:3      | Noticed a wizard
  3651 | D:3      | Killed a wizard
  4573 | D:3      | Noticed Robin
  4839 | D:3      | Killed Robin
  5312 | D:3      | Found a bloodstained altar of Trog.
  5413 | D:3      | Found a hide-covered altar of Uskayaw.
  6705 | D:4      | Reached XP level 6. HP: 28/28 MP: 11/11
  6732 | D:4      | Reached skill level 8 in Stealth
  6738 | D:4      | Learned a level 3 spell: Tukima's Dance
  6777 | D:4      | Found a basalt altar of Yredelemnul.
  6780 | D:4      | Noticed a profane servitor
  6795 | D:4      | Found a glowing golden altar of the Shining One.
  6797 | D:4      | Noticed an angel
  6816 | D:4      | Noticed Edmund
  6823 | D:4      | Killed Edmund
  6823 | D:4      | Reached skill level 5 in Short Blades
  7060 | D:4      | Reached XP level 7. HP: 32/32 MP: 11/14
  7096 | D:5      | Entered Level 5 of the Dungeon
  7106 | D:5      | Found a sparkling altar of Nemelex Xobeh.
  7325 | D:5      | Reached skill level 5 in Hexes
  7391 | D:5      | Found an ancient bone altar of Kikubaaqudgha.
  7394 | D:5      | Found a snail-covered altar of Cheibriados.
  7419 | D:5      | You fall through a shaft for 3 floors!
  7637 | D:7      | Noticed a hippogriff
  7658 | D:7      | Reached skill level 5 in Spellcasting
  7668 | D:7      | Killed a hippogriff
  7668 | D:7      | Reached XP level 8. HP: 24/36 MP: 2/17
  7780 | D:7      | Found a runed translucent door.
  7780 | D:7      | Found a shimmering altar of Xom.
  7780 | D:7      | Noticed Supaplex's ghost (novice GnNe)
  7781 | D:7      | Noticed a +2 trident of chaos
  7827 | D:7      | Found Taohecuc's Antique Weapon Boutique.
  7874 | D:7      | Found Fyecsudd's Antique Weapon Shoppe.
  7908 | D:7      | Found a sand-covered staircase.
  7914 | Ossuary  | Entered an ossuary
  9642 | D:6      | Reached skill level 1 in Fighting
  9803 | D:5      | Found a staircase to the Ecumenical Temple.
  9872 | Temple   | Entered the Ecumenical Temple
  9935 | Temple   | Became a worshipper of Dithmenos the Shadowed
 10018 | D:5      | Found Bathot Donai's Jewellery Emporium.
 10418 | D:6      | Reached skill level 5 in Dodging
 10629 | D:6      | Reached XP level 9. HP: 44/44 MP: 19/19
 10692 | D:6      | Found a white marble altar of Elyvilon.
 10771 | D:6      | Noticed Grinder
 10795 | D:6      | Killed Grinder
 11358 | D:7      | Found Qoxios's General Store.
 11584 | D:7      | Learned a level 3 spell: Dazzling Spray
 11617 | D:7      | Found Waefoscha's General Store.
 11625 | D:7      | Found Seagg's Weapon Shoppe.
 11625 | D:7      | You fall through a shaft for 3 floors!
 11625 | D:10     | Entered Level 10 of the Dungeon
 11660 | D:10     | Reached * piety under Dithmenos
 11949 | D:10     | Noticed a troll
 12128 | D:9      | Reached skill level 9 in Stealth
 12257 | D:9      | Noticed Erolcha
 12299 | D:9      | Found a staircase to the Orcish Mines.
 12741 | D:8      | Reached skill level 10 in Stealth
 12828 | D:7      | Bought a scroll of identify for 22 gold pieces
 12897 | D:8      | Reached ** piety under Dithmenos
 12953 | D:8      | Found Xyummax's Gadget Shoppe.
 13629 | D:9      | Reached skill level 11 in Stealth
 13629 | D:9      | Reached XP level 10. HP: 49/49 MP: 2/20
 14374 | D:10     | Slain by a wolf spider simulacrum

Skill      XL: |  1  2  3  4  5  6  7  8  9 10 |
---------------+-------------------------------+-----
Stealth        | 5 6 7 8 11 | 11.2
Short Blades   | 2 3 4 5 7 8 |  8.0
Spellcasting   | 3 4 5 6 |  6.0
Hexes          | 6 8 |  8.3
Fighting       | 3 4 |  4.0
Dodging        | 6 8 |  8.0
Ice Magic      | |  0.7

Action                   |  1- 3 |  4- 6 |  7- 9 | 10-12 || total
-------------------------+-------+-------+-------+-------++-------
Melee: Dagger            |   142 |   137 |   418 |    16 ||   713
       Short sword       |       |       |     8 |     6 ||    14
 Fire: Hunting sling     |       |       |       |     3 ||     3
Throw: Stone             |       |     3 |    10 |       ||    13
 Cast: Ensorcelled Hiber |    25 |    60 |   105 |    17 ||   207
       Confuse           |     2 |     5 |    53 |     1 ||    61
       Tukima's Dance    |       |       |     5 |       ||     5
  Use: Scroll            |       |     6 |     6 |     5 ||    17
 Stab: Sleeping          |    28 |    46 |    86 |    12 ||   172
       Confused          |     1 |     3 |    33 |       ||    37
       Distracted        |       |     1 |     1 |       ||     2
  Eat: Ration            |       |     4 |     5 |       ||     9
Armor: Robe              |    11 |    14 |    13 |     1 ||    39
Dodge: Dodged            |   118 |   115 |   231 |    22 ||   486
